 Dungeon Crawl Stone Soup version 0.20-b1-24-gb21faa7 (webtiles) character file.

112 miragecloak the Changer (level 4, -3/42 HPs)
             Began as an Octopode Transmuter on May 25, 2017.
             Slain by an adder (4 damage)
             ... on level 3 of the Dungeon.
             The game lasted 00:02:15 (2332 turns).

miragecloak the Changer (Octopode Transmuter)       Turns: 2332, Time: 00:02:16

Health: -3/42      AC:  1    Str: 14    XL:     4   Next: 93%
Magic:  4/7        EV: 13    Int: 15    God:
Gold:   135        SH:  0    Dex: 13    Spells: 3/7 levels left

rFire    . . .     SeeInvis .     - Unarmed
rCold    . . .     Gourm    .   (no shield)
rNeg     . . .     Faith    .   (helmet restricted)
rPois    .         Spirit   .   (no amulet)
rElec    .         Reflect  .   (no ring)
rCorr    .         Harm     .   (no ring)
MR       .....                  (no ring)
Stlth    ..........             (no ring)
Regen    0.2/turn               (no ring)
MPRegen  0.1/turn               (no ring)
                                (no ring)
                                (no ring)

@: berserking, very slightly contaminated, very quick
A: almost no armour, stealthy swim, amphibious, 8 rings, constrict 8, camouflage
1, gelatinous body 1
a: no special abilities


You were on level 3 of the Dungeon.
You were hungry.

You visited 1 branch of the dungeon, and saw 3 of its levels.

You collected 135 gold pieces.

Inventory:

Missiles
 a - 32 arrows
Jewellery
 i - a cursed ring of teleportation {unknown}
 n - a cursed -2 ring of evasion {unknown}
 s - an uncursed amulet of faith {unknown}
 t - an uncursed ring of protection from cold {unknown}
Scrolls
 e - 2 scrolls of fog {unknown}
 f - a scroll of magic mapping {unknown}
 g - 4 scrolls of identify {unknown}
 h - a scroll of teleportation {unknown}
 j - a scroll of remove curse {unknown}
 q - a scroll of amnesia {unknown}
 x - 4 scrolls of fear {unknown}
 y - a scroll of recharging {unknown}
 z - a scroll of enchant armour {unknown}
Potions
 k - a potion of mutation {unknown}
 l - a potion of degeneration {unknown}
 m - a potion of curing {unknown}
 o - a potion of berserk rage
 p - a potion of magic {unknown}
 r - a potion of agility {unknown}
 u - a potion of heal wounds {unknown}
 w - a potion of lignification {unknown}
Books
 b - a book of Changes

   Spells                             Type                      Level
   a - Beastly Appendage              Transmutation                1
   b - Sticks to Snakes               Transmutation                2
   c - Spider Form                    Transmutation/Poison         3
   d - Ice Form                       Ice/Transmutation            4
   e - Blade Hands                    Transmutation                5
Comestibles
 c - 3 bread rations
 d - 2 meat rations
 v - a chunk of flesh
 A - 3 fruits


   Skills:
 - Level 1.0 Fighting
 - Level 2.0 Dodging
 - Level 3.0 Unarmed Combat
 - Level 2.0 Spellcasting
 - Level 4.0 Transmutations
 + Level 3.1 Poison Magic


You had 3 spell levels left.
You knew the following spells:

 Your Spells              Type           Power        Failure   Level  Hunger
a - Beastly Appendage     Tmut           ##....       4%          1    #......
b - Spider Form           Tmut/Pois      ##........   16%         3    ###....


Dungeon Overview and Level Annotations

Branches:
Dungeon (3/15)

Altars:

Annotations:
D:1 Terence


Innate Abilities, Weirdness & Mutations

You cannot wear most types of armour.
You are very stealthy in the water. (Stealth+)
You are amphibious.
You can wear up to eight rings at the same time.
You can use your tentacles to constrict eight enemies at once.
Your skin changes colour to match your surroundings (Stealth+).
Your rubbery body absorbs attacks. (AC +1, EV +1)


Message History

The magic dart hits you!
The orc wizard gestures at you while chanting.
The magic dart hits you!
* * * LOW HITPOINT WARNING * * *
It was a potion of berserk rage.
A red film seems to cover your vision as you go berserk!
You feel yourself moving faster!
You feel mighty!
You tentacle-slap the orc wizard. Your grab misses the orc wizard.
You squeeze the orc wizard.
You kill the orc wizard!
Your Poison Magic skill increases to level 3!
You completely miss the orc. Your grab misses the orc.
The orc barely misses you.
You barely miss the orc. Your grab misses the orc. Your squeeze misses the orc.
You bludgeon the orc!
You kill the orc!
You tentacle-slap the adder. Your grab misses the adder. You squeeze the adder.
The adder is almost dead.
The adder bites you.
You die...

##.###.##....####..........
#. #.##...............##.
.. ..##.....##.####...#..
#. ###.....)...# ###...#
#.#.#..#### #..##
#.#..#.... ##.##
#.#..#.###. .####... #
####.S..#.# #........
##.#....#@.# ######...
.##...S#o.#....# ###.
.......o.##.#..# #.
.#.....####.#..# ## #.....
....... #...## ......##
o.... ... .# ##.. #.... .#
#.


You could see an adder.

Vanquished Creatures
  An orc wizard (D:3)
  2 adders (D:3)
  An ooze (D:3)
  2 worms
  3 dart slugs
  3 leopard geckos
  An orc (D:3)
  2 giant cockroaches (D:2)
  3 goblins
  6 hobgoblins
  4 jackals (D:2)
  4 bats
  4 frilled lizards
  2 kobolds
  10 rats
48 creatures vanquished.

Notes
Turn   | Place    | Note
-------+----------+-------------------------------------------
     0 | D:1      | miragecloak the Octopode Transmuter began the quest for the Orb.
     0 | D:1      | Reached XP level 1. HP: 13/13 MP: 3/3
   565 | D:1      | Reached XP level 2. HP: 18/18 MP: 3/5
   792 | D:1      | Reached skill level 3 in Transmutations
   796 | D:1      | You fall through a shaft!
   796 | D:2      | Noticed Terence
  1436 | D:2      | Reached XP level 3. HP: 23/23 MP: 4/6
  1441 | D:2      | Learned a level 3 spell: Spider Form
  2009 | D:3      | Reached skill level 1 in Poison Magic
  2124 | D:3      | Reached XP level 4. HP: 28/28 MP: 3/7
  2272 | D:3      | Reached skill level 4 in Transmutations
  2325 | D:3      | HP: 1/28 [orc wizard/magic dart (10)]
  2332 | D:3      | Slain by an adder

Skill      XL: |  1  2  3  4 |
---------------+-------------+-----
Transmutations | 3 4 |  4.0
Poison Magic   | 1 3 |  3.1
Fighting       | |  1.0
Dodging        | |  2.0
Unarmed Combat | |  3.0
Spellcasting   | |  2.0

Action                   |  1- 3 |  4- 6 || total
-------------------------+-------+-------++-------
Melee: Unarmed           |    88 |    34 ||   122
       Constrict         |    14 |     2 ||    16
       Kick              |     9 |       ||     9
       Punch             |     2 |       ||     2
       Tentacles         |     3 |     6 ||     9
 Cast: Beastly Appendage |    15 |       ||    15
       Spider Form       |     8 |     2 ||    10
  Use: Potion            |       |     1 ||     1
 Stab: Sleeping          |     2 |       ||     2
  Eat: Chunk             |     5 |     1 ||     6
Armor: Skin              |    10 |     1 ||    11
Dodge: Dodged            |    50 |    20 ||    70
